 Dungeon Crawl Stone Soup version 0.19.1 (console) character file.

260 Kloppie the Carver (level 5, -1/36 HPs)
             Began as a High Elf Berserker on Dec 16, 2016.
             Was a Believer of Trog.
             Slain by an orc wizard
             ... wielding a +0 dagger
              (4 damage)
             ... on level 4 of the Dungeon.
             The game lasted 00:03:13 (2410 turns).

Kloppie the Carver (High Elf Berserker)             Turns: 2410, Time: 00:03:14

Health: -1/36      AC:  6    Str: 16    XL:     5   Next: 95%
Magic:  6/6        EV: 11    Int: 10    God:    Trog [**....]
Gold:   165        SH:  0    Dex: 16    Spells: 0 memorised, 4 levels left

rFire  . . .     SeeInvis .     a - +0 falchion
rCold  . . .     Gourm    .     r - +0 ring mail
rNeg   . . .     Faith    .     (no shield)
rPois  .         Spirit   .     (no helmet)
rElec  .         Reflect  .     s - +0 cloak (curse)
rCorr  .         Harm     .     (no gloves)
MR     .....                    (no boots)
Stlth  +.........               (no amulet)
                                (no ring)
                                (no ring)

@: exhausted, slowed, very slow
A: no striking features
a: Berserk, Trog's Hand, Burn Spellbooks, Renounce Religion


You were on level 4 of the Dungeon.
You worshipped Trog.
Trog was pleased with you.
You were hungry.

You visited 1 branch of the dungeon, and saw 4 of its levels.

You collected 179 gold pieces.
You spent 14 gold pieces at shops.

Inventory:

Hand Weapons
 a - a +0 falchion (weapon)
Armour
 r - a +0 ring mail (worn)
 s - a cursed +0 cloak (worn)
Jewellery
 j - an uncursed ring of protection from cold {unknown}
 o - an uncursed ring of ice {unknown}
Scrolls
 d - a scroll of amnesia {unknown}
 h - a scroll of identify {unknown}
 k - 2 scrolls of immolation {unknown}
 l - a scroll of teleportation {unknown}
 m - 2 scrolls of random uselessness {unknown}
 t - 2 scrolls of remove curse {unknown}
Potions
 b - a potion of ambrosia {unknown}
 e - a potion of curing {unknown}
 f - 2 potions of resistance {unknown}
 i - a potion of agility {unknown}
 n - a potion of might {unknown}
 p - a potion of cure mutation {unknown}
 q - a potion of magic {unknown}
Comestibles
 c - 2 bread rations
 g - 4 meat rations
 u - 3 chunks of flesh


   Skills:
 - Level 3.0 Fighting
 + Level 8.1 Long Blades
 - Level 1.7 Armour
 - Level 2.1 Dodging


You had 4 spell levels left.
You didn't know any spells.

Dungeon Overview and Level Annotations

Branches:
Dungeon (4/15)
 Temple: D:4-7

Altars:

Shops:
D:4 !


Message History

You slash the orc priest!
The orc priest is almost dead.
The orc priest hits you with a hand axe.
* * * LOW HITPOINT WARNING * * *
You slash the orc priest!
You kill the orc priest!
Trog accepts your kill. The iguana barely misses you.
You slash the iguana!
You kill the iguana!
Trog accepts your kill.
Your Long Blades skill increases to level 8!
Something hits you but does no damage.
Found a dagger.
You feel a strong urge to attack something.
You see here a hand axe.
You are no longer berserk.
You are exhausted.
You feel yourself slow down. Something hits you.
You die...

##### .# ....#.#
# .....# .#
#####.#..####.# #
##.<...........#
...
.......#.#....##
....
.##....#...#...#
....
.......@..=.#..#
....
.##.#...)......#
### #..####.##.#
..... #.....#
)...... #.#.###
....... #.#..#
......####.##.##
..........>....#
......#######..##


There were no monsters in sight!

Vanquished Creatures
  An orc priest (D:4)
  Jessica (D:2)
  An iguana (D:4)
  A worker ant (D:4)
  4 gnolls (D:4)
  5 adders
  An adder skeleton (D:4)
  2 worms (D:3)
  5 leopard geckos
  4 orcs
  8 bats
  2 giant cockroaches (D:3)
  6 goblins
  6 hobgoblins
  5 kobolds
  4 frilled lizards
  4 rats
60 creatures vanquished.

Notes
Turn   | Place    | Note
-------+----------+-------------------------------------------
     0 | D:1      | Kloppie the High Elf Berserker began the quest for the Orb.
     0 | D:1      | Reached XP level 1. HP: 16/16 MP: 2/2
   139 | D:1      | Reached skill level 4 in Long Blades
   197 | D:1      | Reached XP level 2. HP: 21/21 MP: 3/3
   807 | D:2      | Reached skill level 5 in Long Blades
  1112 | D:2      | Reached XP level 3. HP: 21/26 MP: 4/4
  1118 | D:2      | Noticed Jessica
  1127 | D:2      | Killed Jessica
  1272 | D:2      | Reached ** piety under Trog
  1450 | D:3      | Reached XP level 4. HP: 26/31 MP: 5/5
  1478 | D:3      | Reached skill level 6 in Long Blades
  2103 | D:4      | Reached skill level 7 in Long Blades
  2103 | D:4      | Reached XP level 5. HP: 33/36 MP: 6/6
  2217 | D:4      | Found Kiecopn's Distillery.
  2223 | D:4      | Bought a potion of degeneration for 14 gold pieces
  2407 | D:4      | Reached skill level 8 in Long Blades
  2410 | D:4      | Slain by an orc wizard

Skill      XL: |  1  2  3  4  5 |
---------------+----------------+-----
Long Blades    | 4 5 7 8 |  8.1
Fighting       | |  3.0
Armour         | |  1.7
Dodging        | |  2.1

Action                   |  1- 3 |  4- 6 || total
-------------------------+-------+-------++-------
Melee: Falchion          |    96 |    96 ||   192
Invok: Berserk           |     2 |     5 ||     7
 Stab: Sleeping          |     2 |       ||     2
  Eat: Chunk             |     4 |     7 ||    11
Armor: Animal skin       |    13 |       ||    13
       Ring mail         |       |    22 ||    22
Dodge: Dodged            |    74 |    63 ||   137
       Rpst.: Falchion   |    23 |    21 ||    44
